 Dungeon Crawl Stone Soup version 0.26.1-11-gd32895ea62 (webtiles) character file.

Game seed: 5475413465118287702

5945 Zeld the Slicer (level 10, -8/63 HPs)
             Began as an Octopode Brigand on May 13, 2021.
             Was a Believer of Fedhas.
             Mangled by a two-headed ogre
             ... wielding a +0 giant spiked club
              (21 damage)
             ... on level 7 of the Dungeon.
             The game lasted 00:25:45 (18782 turns).

Zeld the Slicer (Octopode Brigand)                 Turns: 18782, Time: 00:25:46

Health: -8/63      AC:  3    Str: 13    XL:     10   Next: 83%
Magic:  18/18      EV: 32    Int: 14    God:    Fedhas [**....]
Gold:   299        SH:  0    Dex: 14    Spells: 19/19 levels left

rFire    . . .     SeeInvis +   a - +2 dagger
rCold    . . .     Faith    .   (no shield)
rNeg     . . .     Spirit   .   t - +2 hat
rPois    .         Reflect  .   f - amulet of the acrobat
rElec    .         Harm     .   b - ring of see invisible
rCorr    .         Rampage  .   (no ring)
Will     .....                  (no ring)
Stlth    ++++......             (no ring)
HPRegen  0.20/turn              (no ring)
MPRegen  0.16/turn              (no ring)
                                (no ring)
                                (no ring)

@: acrobat
A: almost no armour, stealthy swim, amphibious, 8 rings, constrict 8, camouflage
1, gelatinous body 1
a: Renounce Religion, Wall of Briars


You were on level 7 of the Dungeon.
You worshipped Fedhas.
Fedhas was pleased with you.
You visited 2 branches of the dungeon, and saw 10 of its levels.

You collected 464 gold pieces.
You spent 165 gold pieces at shops.

Inventory:

Hand Weapons
 a - a +2 dagger (weapon)
Missiles
 c - 3 curare-tipped darts
 p - 7 datura-tipped darts
 A - 22 poisoned darts (quivered)
Armour
 t - a +2 hat (worn)
Jewellery
 b - a ring of see invisible (left tentacle)
 f - an amulet of the acrobat (around mantle)
Wands
 u - a wand of flame (17)
 y - a wand of random effects (22)
 G - a wand of polymorph (12)
Scrolls
 g - 3 scrolls of remove curse
 k - 5 scrolls of teleportation
 n - 3 scrolls of magic mapping
 o - a scroll of enchant armour
 r - 2 scrolls of fear
 z - 2 scrolls of enchant weapon {unknown}
 C - 3 scrolls of amnesia {unknown}
 H - a scroll of blinking {unknown}
Potions
 d - 2 potions of flight {unknown}
 e - a potion of haste {unknown}
 h - a potion of attraction {unknown}
 i - a potion of heal wounds {unknown}
 j - 2 potions of curing {unknown}
 l - a potion of might {unknown}
 m - 2 potions of cancellation {unknown}
 q - 2 potions of berserk rage
 s - a potion of magic {unknown}
 v - 2 potions of mutation {unknown}
 w - a potion of degeneration {unknown}
 x - a potion of resistance {unknown}
 B - a potion of ambrosia {unknown}
 D - a potion of lignification {unknown}
 E - 2 potions of invisibility {unknown}


   Skills:
 - Level 3.1 Fighting
 - Level 10.0 Short Blades
 - Level 6.0 Throwing
 * Level 6.5 Dodging
 - Level 5.3 Stealth
 * Level 5.3 Spellcasting
 * Level 7.0 Invocations


You had 19 spell levels left.
You didn't know any spells.
Your spell library contained the following spells:

 Spells                   Type           Power        Failure   Level
 Beastly Appendage        Tmut           6%           17%         1
 Summon Small Mammal      Summ           12%          17%         1
 Call Imp                 Summ           3%           26%         2
 Wereblood                Tmut           3%           26%         2
 Call Canine Familiar     Summ           3%           45%         3
 Spider Form              Tmut/Pois      1%           45%         3
 Summon Guardian Golem    Hex/Summ       3%           45%         3
 Ice Form                 Ice/Tmut       3%           86%         4
 Summon Ice Beast         Ice/Summ       3%           86%         4
 Summon Lightning Spire   Summ/Air       3%           86%         4
 Blade Hands              Tmut           1%           99%         5


Dungeon Overview and Level Annotations

Branches:
Dungeon (9/15)             Temple (1/1) D:6
   Lair: D:8-11         Orc: D:9-12

Altars:
Ashenzari
Cheibriados
Dithmenos
Elyvilon
Fedhas
Gozag
Hepliaklqana
Kikubaaqudgha
Makhleb
Nemelex Xobeh
Okawaru
Qazlal
Ru
Sif Muna
Trog
Uskayaw
Vehumet
Wu Jian
Xom
Yredelemnul
Zin
The Shining One

Shops:
D:5 =

Annotations:
D:8 1 runed translucent door


Innate Abilities, Weirdness & Mutations

You cannot wear most types of armour.
You are very stealthy in the water. (Stealth+)
You are amphibious.
You can wear up to eight rings at the same time.
You can use your tentacles to constrict eight enemies at once.
Your skin changes colour to match your surroundings (Stealth+).
Your rubbery body absorbs attacks. (AC +1, EV +1)


Message History

The two-headed ogre is heavily wounded.
You closely miss the two-headed ogre.
The two-headed ogre is heavily wounded.
You barely miss the two-headed ogre. You squeeze the two-headed ogre!
The two-headed ogre is severely wounded.
The two-headed ogre hits you with a +0 giant spiked club!!
The two-headed ogre hits you with a +0 giant club!!
* * * LOW HITPOINT WARNING * * *
You are too injured to fight recklessly!
You are too injured to fight recklessly!
Throw: 23 darts (poison)
Press: ? - help, Q - select action, (/) - cycle Shift-Dir - straight line, f/p - two-headed ogre
Aim: a two-headed ogre, wielding a +0 giant spiked club and a +0 giant club (severely wounded, very poisoned, 77% to hit)
You throw a poisoned dart.
The poisoned dart hits the two-headed ogre!
The two-headed ogre looks as sick as possible!
The two-headed ogre is severely wounded.
The two-headed ogre hits you with a +0 giant spiked club!!
You die...
Fedhas appreciates your contribution to the ecosystem.

,#######(#.# *,,,,*
,#<......#.# ******
......##...####
#.###.##......###### ,,*
#......##.##...#
,,*######..##.##.#.#
,,........>)#....#.#
**....#####.######.# **..,,*
#.##..@O.# +,,,,,*
#.##.##### ***,*** #.##.#
,**,**** #....# [,,,,,,*
###### ,**,,,,*************
,,,,,,,',,,,,,,,,,,* ***
***,,,,***********,*******,*
****** *,*,,,,,,,*


You could see a two-headed ogre (very poisoned).

Vanquished Creatures
  2 two-headed ogres (D:8)
  Maggie (D:8)
  A troll (D:8)
  Grinder (D:6)
  A hornet (D:8)
  Prince Ribbit (D:7)
  A yak (D:8)
  Eustachio (D:5)
  Edmund (D:5)
  3 orc warriors
  3 sky beasts
  An ice beast (D:6)
  3 phantoms
  A necrophage (D:8)
  4 ogres
  2 centaurs (D:6)
  4 big kobolds
  4 bullfrogs
  4 scorpions
  A wight (D:8)
  A howler monkey (D:1)
  A bullfrog zombie (D:8)
  2 quasits
  A bullfrog skeleton (D:4)
  A jelly (D:6)
  5 hounds
  An orc priest (D:3)
  Crazy Yiuf (D:2)
  Jessica (D:2)
  2 iguanas (D:6)
  9 worker ants
  2 hound zombies
  A hound skeleton (D:8)
  A howler monkey zombie (D:7)
  12 adders
  3 shadow imps
  A white imp (D:5)
  An ufetubus (D:6)
  3 oozes
  3 adder skeletons
  3 worms
  A dart slug (D:2)
  10 leopard geckos
  7 orcs
  6 giant cockroaches
  7 goblins
  8 hobgoblins
  13 jackals
  A quokka (D:3)
  2 ball pythons
  6 bats
  8 frilled lizards
  19 kobolds
  8 rats
191 creatures vanquished.

Vanquished Creatures (others)
  20 plants (D:1)
20 creatures vanquished.

Grand Total: 211 creatures vanquished

Notes
Turn   | Place    | Note
-------+----------+-------------------------------------------
     0 | D:1      | Zeld the Octopode Brigand began the quest for the Orb.
     0 | D:1      | Reached XP level 1. HP: 14/14 MP: 1/1
    85 | D:1      | Reached XP level 2. HP: 19/19 MP: 2/2
   421 | D:1      | Reached XP level 3. HP: 23/24 MP: 3/3
  1219 | D:2      | Reached XP level 4. HP: 29/29 MP: 4/4
  1765 | D:1      | Reached skill level 5 in Throwing
  1765 | D:1      | Reached XP level 5. HP: 10/34 MP: 5/5
  2274 | D:2      | Noticed Jessica
  2280 | D:2      | Killed Jessica
  2435 | D:2      | Found a runed translucent door.
  2436 | D:2      | Noticed Crazy Yiuf
  2815 | D:2      | Killed Crazy Yiuf
  3187 | D:3      | Reached XP level 6. HP: 8/39 MP: 6/6
  5033 | D:4      | Reached skill level 3 in Short Blades
  5390 | D:4      | Noticed a phantom
  6661 | D:4      | Reached skill level 4 in Short Blades
  6661 | D:4      | Reached XP level 7. HP: 25/45 MP: 7/7
  6825 | D:4      | Reached skill level 5 in Short Blades
  7486 | D:5      | Entered Level 5 of the Dungeon
  8106 | D:5      | HP: 2/45 [phantom (5)]
  8622 | D:5      | Noticed Eustachio
  8653 | D:5      | Killed Eustachio
  8654 | D:5      | Reached skill level 6 in Short Blades
  8947 | D:5      | Reached skill level 7 in Short Blades
  8947 | D:5      | Reached XP level 8. HP: 31/50 MP: 8/8
  9412 | D:5      | Found Ripsimir's Jewellery Shop.
  9415 | D:5      | Bought an uncursed ring of see invisible for 165 gold
                  | pieces
  9725 | D:5      | Reached skill level 8 in Short Blades
  9959 | D:5      | Noticed Edmund
 10029 | D:5      | Killed Edmund
 10597 | D:6      | Reached skill level 9 in Short Blades
 10922 | D:6      | Reached XP level 9. HP: 54/54 MP: 9/9
 10943 | D:6      | Found a staircase to the Ecumenical Temple.
 10953 | Temple   | Entered the Ecumenical Temple
 10999 | Temple   | Became a worshipper of Fedhas Madash
 11650 | D:6      | Reached skill level 10 in Short Blades
 11651 | D:6      | Noticed Grinder
 11851 | D:6      | Reached skill level 1 in Invocations
 11879 | D:6      | Killed Grinder
 12621 | D:6      | HP: 2/56 [centaur/+0 scythe (21)]
 13267 | D:6      | Reached skill level 1 in Spellcasting
 13725 | D:7      | Found a white marble altar of Elyvilon.
 13738 | D:7      | Reached * piety under Fedhas
 14243 | D:7      | Noticed Prince Ribbit
 14276 | D:7      | Killed Prince Ribbit
 14560 | D:8      | Found a shimmering altar of Xom.
 14851 | D:8      | Found a runed translucent door.
 15258 | D:8      | Noticed a two-headed ogre
 15548 | D:8      | Noticed Maggie
 15570 | D:8      | Killed Maggie
 15571 | D:8      | Reached XP level 10. HP: 30/63 MP: 13/15
 15947 | D:8      | Reached skill level 5 in Invocations
 16079 | D:8      | Reached skill level 5 in Dodging
 16455 | D:8      | Noticed a two-headed ogre
 16678 | D:8      | Killed a two-headed ogre
 16762 | D:8      | Noticed a two-headed ogre
 18022 | D:8      | Killed a two-headed ogre
 18023 | D:8      | Reached skill level 5 in Spellcasting
 18282 | D:8      | Reached ** piety under Fedhas
 18408 | D:8      | Found a runed translucent door.
 18782 | D:7      | Mangled by a two-headed ogre

Illustrated notes

Levels and vault maps discovered:
D:1:      ncdulo_smallfort, layout_rooms, serial_bayou, serial_bayou_shore_a,
          serial_bayou_pond_c, serial_bayou_lagoon_a, serial_bayou_lagoon_b
D:2:      layout_basic, serial_glass, glass_columns_a, glass_columns_b,
          glass_columns_b, uniq_crazy_yiuf_cottage, uniq_jessica
D:3:      layout_basic, minivault_23
D:4:      layout_cave_pods
D:5:      layout_loops_corners, serial_shops, kennysheep_mini,
          minmay_misc_feat_more_columns, uniq_eustachio, uniq_edmund
D:6:      layout_rooms, minmay_temple_entry_arrows, minmay_alternating_orb,
          uniq_grinder
D:7:      layout_basic, kennysheep_mini_moat, uniq_prince_ribbit1
D:8:      cheibrodos_histonic, layout_basic, dk_noncrumbling_2,
          xom_teletrap_fun, uniq_maggie
D:9:      layout_loops_ring, erik_orc_3
Temple:   nicolae_temple_the_god_donut

Skill      XL: |  1  2  3  4  5  6  7  8  9 10 |
---------------+-------------------------------+-----
Throwing       | 3 4 5 6 |  6.0
Short Blades   | 4 7 9 10 | 10.0
Invocations    | 4 7 |  7.0
Dodging        | 4 6 |  6.5
Fighting       | 3 |  3.1
Spellcasting   | 3 5 |  5.3
Stealth        | |  5.3

Action                   |  1- 3 |  4- 6 |  7- 9 | 10-12 || total
-------------------------+-------+-------+-------+-------++-------
Melee: Dagger            |    51 |   189 |   398 |   115 ||   753
       Constrict         |    15 |    36 |    53 |    11 ||   115
       Tentacles         |     5 |    34 |    86 |    34 ||   159
Throw: Dart              |       |    14 |    47 |    62 ||   123
  Use: Scroll            |       |       |    12 |     1 ||    13
       Potion            |       |       |       |     1 ||     1
 Stab: Sleeping          |    16 |    11 |    16 |       ||    43
       Distracted        |       |     1 |     1 |     1 ||     3
Armor: Skin              |     3 |    11 |    22 |     7 ||    43
Dodge: Dodged            |    12 |   100 |   188 |    77 ||   377
